 Dungeon Crawl Stone Soup version 0.18-a0-1435-gee79d65 (webtiles) character file.

3229 M4edhros the Nimble (level 9, -12/55 HPs)
             Began as an Octopode Hunter on Feb 29, 2016.
             Was an Initiate of Gozag.
             Mangled by a yak (18 damage)
             ... on level 8 of the Dungeon.
             The game lasted 00:14:14 (9042 turns).

M4edhros the Nimble (Octopode Hunter)               Turns: 9042, Time: 00:14:15

Health: -12/55     AC:  1    Str: 11    XL:     9   Next: 98%
Magic:  9/9        EV: 19    Int: 14    God:    Gozag
Gold:   544        SH:  0    Dex: 15    Spells: 0 memorised, 8 levels left

rFire  . . .     SeeInvis .     a - +3 hunting sling
rCold  . . .     Gourm    .     (no shield)
rNeg   . . .     Faith    +     (helmet restricted)
rPois  .         Spirit   .     i - amulet of faith
rElec  .         Dismiss  .     E - ring of wizardry
rCorr  .         Reflect  .     (no ring)
SustAt .         Harm     .     (no ring)
MR     .....                    (no ring)
Stlth  ++++......               (no ring)
                                (no ring)
                                (no ring)
                                (no ring)

@: not resistant to hostile enchantments, stealthy
A: almost no armour, amphibious, 8 rings, constrict 8, camouflage 1, gelatinous
body 1
a: Potion Petition, Call Merchant, Bribe Branch, Renounce Religion


You were on level 8 of the Dungeon.
You worshipped Gozag.
Gozag was noncommittal.
You were not hungry.

You visited 2 branches of the dungeon, and saw 10 of its levels.

You collected 1021 gold pieces.
You paid 477 gold pieces to Gozag.

Inventory:

Hand Weapons
 a - a +3 hunting sling (weapon)
 b - a +0 short sword
 x - a +1 whip of electrocution
Missiles
 c - 28 sling bullets
 l - 305 stones (quivered)
 G - 7 silver sling bullets
Jewellery
 i - an amulet of faith (around mantle)
 E - a ring of wizardry (left tentacle)
 I - the brooch of Shielding {Reflect SH+8}
   (You found it on level 9 of the Dungeon)

   [amulet of reflection]

   It shields you and reflects attacks.
   It affects your SH (+8).
Wands
 r - a wand of confusion (24/48)
 t - a wand of confusion (7/48)
 z - a wand of lightning (2/15)
Scrolls
 f - 5 scrolls of recharging
 h - 4 scrolls of teleportation
 m - a scroll of amnesia
 o - a scroll of noise
 q - 4 scrolls of remove curse
 s - 4 scrolls of blinking
 w - a scroll of enchant armour
 y - 3 scrolls of summoning
 A - 2 scrolls of fear {unknown}
 C - a scroll of immolation {unknown}
 D - 2 scrolls of identify
Potions
 e - 2 potions of curing
 g - 4 potions of agility {unknown}
 k - a potion of heal wounds {unknown}
 n - 2 potions of ambrosia {unknown}
 p - 3 potions of haste
 u - a potion of degeneration {unknown}
 v - a potion of might {unknown}
Miscellaneous
 F - a box of beasts
Comestibles
 d - 8 bread rations
 j - 5 meat rations
 B - 5 beef jerkies
 H - 2 fruits


   Skills:
 + Level 2.9 Fighting
 - Level 8.3 Slings
 * Level 11.2 Dodging
 + Level 3.2 Stealth


You had 8 spell levels left.
You didn't know any spells.

Dungeon Overview and Level Annotations

Branches:
Dungeon (9/15)             Temple (1/1) D:5
   Lair: D:8-11         Orc: D:9-12

Altars:
Ashenzari
Cheibriados
Dithmenos
Elyvilon
Fedhas
Gozag
Kikubaaqudgha
Makhleb
Nemelex Xobeh
Okawaru
Pakellas
Qazlal
Ru
Sif Muna
Trog
Vehumet
Xom
Yredelemnul
Zin
The Shining One

Shops:
D:9 =

Annotations:
D:4 M4edhros's ghost, amateur OpHu


Innate Abilities, Weirdness & Mutations

You cannot wear most types of armour.
You are amphibious.
You can wear up to eight rings at the same time.
You can use your tentacles to constrict eight enemies at once.
Your skin changes colour to match your surroundings (Stealth).
Your rubbery body absorbs attacks (AC +1).


Message History

There is a stone staircase leading down here.
There is a stone staircase leading up here.
The yak barely misses you.
You climb upwards.
There is a stone staircase leading down here.
Firing (i - inventory. (,) - cycle):
l - 306 stones (quivered)
Press: ? - help, Shift-Dir - straight line, f - yak
Aim: a yak (heavily wounded)
You shoot a stone. The stone hits the yak.
The yak is heavily wounded.
The yak gores you! The yak gores you!
* * * LOW HITPOINT WARNING * * *
Drink which item? (? for menu, Esc to quit)
Okay, then.
The yak gores you!
* * * LOW HITPOINT WARNING * * *
The yak gores you!!
You die...
Your body crumbles into a pile of gold.

### ..# #.# ########### #.#
#.........# ### #.# #.#######.#
#..
#.#####.#######.###############.#
.................................
#.#####.#####.#.#.#############.#
#.#.....# ##...@.....# #.#
#.#.....# #..#.#Y###.# #.#
#.#.....# #<.#.#.###.# #####.#
#.#####.# #..#.......# #.....#
#.# #.# #..###.##### #.....#
#.#####.####..# #..# #.....#
..............# #..############.#
######).####.## #.............)..
........####.# #..#..........#+#


You could see a yak.

Vanquished Creatures
  Pikel (D:5)
  Sigmund (D:4)
  2 yaks (D:9)
  Menkaure (D:4)
  An orc warrior (D:9)
  An ice beast (D:9)
  2 phantoms (D:8)
  6 ogres
  Blork the orc (D:6)
  A giant frog (D:9)
  5 wights
  3 howler monkeys
  2 crimson imps
  2 jellies
  2 centaur skeletons
  An orc priest (D:9)
  3 hounds
  3 orc wizards
  Ijyb (D:2)
  An iguana (D:9)
  Natasha (twice) (D:2)
  6 worker ants
  A hound zombie (D:9)
  A hound skeleton (D:4)
  2 worker ant zombies (D:8)
  6 adders
  2 shadow imps
  3 adder skeletons
  2 worms
  6 giant geckos
  26 orcs
  A ball python (D:1)
  7 bats
  5 giant cockroaches
  12 goblins
  9 hobgoblins
  13 jackals
  12 kobolds
  4 quokkas
  A giant newt (D:1)
  2 jackal skeletons
  10 rats
173 creatures vanquished.

Vanquished Creatures (others)
  A giant frog skeleton (D:5)
1 creature vanquished.

Grand Total: 174 creatures vanquished

Notes
Turn   | Place    | Note
--------------------------------------------------------------
     0 | D:1      | M4edhros the Octopode Hunter began the quest for the Orb.
     0 | D:1      | Reached XP level 1. HP: 14/14 MP: 1/1
   106 | D:1      | Reached XP level 2. HP: 19/19 MP: 2/2
   375 | D:1      | Reached skill level 3 in Dodging
   615 | D:2      | Reached XP level 3. HP: 24/24 MP: 3/3
   616 | D:2      | Noticed Ijyb
   941 | D:2      | Found a shimmering altar of Xom.
  1278 | D:3      | Found a stormy altar of Qazlal.
  1349 | D:3      | Found a basalt altar of Yredelemnul.
  1392 | D:3      | Reached XP level 4. HP: 29/29 MP: 4/4
  1400 | D:3      | Found a shadowy altar of Dithmenos.
  1490 | D:4      | Noticed M4edhros's ghost (amateur OpHu)
  2055 | D:4      | Reached skill level 4 in Dodging
  2373 | D:4      | Noticed an ogre
  2462 | D:4      | Noticed Sigmund
  2477 | D:4      | Killed Sigmund
  2477 | D:4      | Reached skill level 5 in Slings
  2477 | D:4      | Reached skill level 5 in Dodging
  2477 | D:4      | Reached XP level 5. HP: 17/34 MP: 5/5
  2477 | D:4      | Reached XP level 6. HP: 19/39 MP: 6/6
  2526 | D:5      | Entered Level 5 of the Dungeon
  2887 | D:4      | Reached skill level 6 in Dodging
  2887 | D:4      | Reached XP level 7. HP: 45/45 MP: 7/7
  2938 | D:4      | Noticed Menkaure
  2943 | D:4      | Killed Menkaure
  3495 | D:5      | Reached skill level 7 in Dodging
  3533 | D:5      | Found a staircase to the Ecumenical Temple.
  3839 | Temple   | Entered the Ecumenical Temple
  3981 | Temple   | Became a worshipper of Gozag Ym Sagoz the Greedy
  4017 | D:5      | Noticed Pikel
  4029 | D:5      | Killed Pikel
  4029 | D:5      | Reached skill level 8 in Dodging
  4029 | D:5      | Reached XP level 8. HP: 37/50 MP: 8/8
  4431 | D:2      | Killed Ijyb
  4545 | D:2      | Noticed Natasha
  4554 | D:2      | Killed Natasha
  4610 | D:2      | Noticed Natasha
  4617 | D:2      | Killed Natasha
  4617 | D:2      | Reached skill level 9 in Dodging
  4640 | D:2      | Found a glowing golden altar of the Shining One.
  4807 | D:2      | Found an oddly glowing altar of Pakellas.
  5540 | D:6      | Noticed Blork the orc
  5547 | D:6      | Killed Blork the orc
  5589 | D:6      | Found an iron altar of Okawaru.
  6088 | D:6      | Found an opulent altar of Gozag.
  6206 | D:7      | Reached XP level 9. HP: 36/54 MP: 9/9
  6673 | D:7      | Reached skill level 10 in Dodging
  7703 | D:8      | Found an ancient bone altar of Kikubaaqudgha.
  8447 | D:9      | Reached skill level 11 in Dodging
  8935 | D:8      | HP: 2/55 [yak (15)]
  9042 | D:8      | Mangled by a yak

Vault maps used:
D:1:      dpeg_arrival_connections
D:2:      marbit_many_paths, nicolae_overflow_crystal_walls,
          nicolae_overflow_hidden_temple, first_bread, minmay_strange_pillars,
          uniq_iyjb, uniq_natasha
D:3:      old_standard_altar, lemuel_doored_altar, overflow_temple_1_default
D:4:      roderic_lattice_a, uniq_sigmund, uniq_menkaure
D:5:      minmay_temple_entry_overgrown, uniq_pikel
D:6:      okawaru_gym_becter, nicolae_gozag_cash_rules_everything_around_me,
          uniq_blork_the_orc
D:7:      grunt_ogre_cave, kennysheep_generic_room_4
D:8:      kennysheep_mini, solitary_fountain
D:9:      hangedman_abyss_or_decor_jellyfish_corner
Temple:   zaba_magenta_temple_12

Skill      XL: |  1  2  3  4  5  6  7  8  9 |
---------------+----------------------------+-----
Dodging        | 3 5 6 8 9 11 | 11.2
Slings         | 5 6 7 8 |  8.3
Stealth        | 3 |  3.2
Fighting       | |  2.9

Action                   |  1- 3 |  4- 6 |  7- 9 || total
-------------------------+-------+-------+-------++-------
Melee: Short sword       |       |    31 |       ||    31
       Whip              |       |       |   176 ||   176
 Fire: Hunting sling     |   110 |    46 |   338 ||   494
Invok: Call Merchant     |       |       |     1 ||     1
Evoke: Wand              |       |     5 |       ||     5
  Use: Scroll            |     1 |     6 |     3 ||    10
       Potion            |       |     1 |     3 ||     4
 Stab: Confused          |       |     4 |       ||     4
       Sleeping          |       |     1 |     7 ||     8
  Eat: Chunk             |       |     5 |     4 ||     9
       Beef jerky        |       |       |     3 ||     3
       Meat ration       |       |       |     2 ||     2
       Pizza             |       |       |     2 ||     2
